 Dungeon Crawl Stone Soup version 0.31-a0-1467-g53b6572822 (webtiles) character file.

Game seed: 14152864445481604830

1042 shadizar the Covered (level 8, -1/60 HPs)
             Began as a Gnoll Wanderer on Dec 28, 2023.
             Slain by a two-headed ogre
             ... wielding a +0 giant club
              (17 damage)
             ... on level 6 of the Dungeon.
             The game lasted 00:10:33 (5144 turns).

shadizar the Covered (Gnoll Wanderer)               Turns: 5144, Time: 00:10:33

Health: -1/60      AC: 15    Str: 13    XL:     8   Next: 25%
Magic:  14/14      EV: 11    Int: 12    God:
Gold:   242        SH:  0    Dex: 12    Spells: 14/15 levels left

rFire   . . .        y - +3 sling (chaos)
rCold   + . .        (no shield)
rNeg    . . .        u - quicksilver dragon scales
rPois   .            j - +1 hat
rElec   .            w - +0 cloak
rCorr   .            (no gloves)
SInv    .            A - +0 pair of boots
Will    +....        (no amulet)
Stlth   ++           g - ring of wizardry
HPRegen 0.30/turn    B - ring of protection from cold
MPRegen 0.14/turn

%: wizardry (x1)
@: no status effects
A: fangs 1, strong nose, distributed training
a: no special abilities


You were on level 6 of the Dungeon.
You visited 2 branches of the dungeon, and saw 7 of its levels.

You collected 242 gold pieces.

Inventory:

Hand Weapons
 a - a +3 spear
 y - a +3 sling of chaos (weapon)
Missiles
 h - 59 stones
Armour
 c - a +0 helmet
 j - a +1 hat (worn)
 t - a +0 ring mail of poison resistance
 u - quicksilver dragon scales (worn)
 v - a scarf of harm
 w - a +0 cloak (worn)
 x - the +0 scale mail of Zevenlap {rF- Str+3 Dex+2}
   (You found it on level 3 of the Dungeon)

   Str+3:     It affects your strength (+3).
   Dex+2:     It affects your dexterity (+2).
   rF-:       It makes you vulnerable to fire.
 A - a +0 pair of boots (worn)
Jewellery
 g - a ring of wizardry (left hand)
 B - a ring of protection from cold (right hand)
 J - a ring of poison resistance
Wands
 F - a wand of mindburst (4)
 G - a wand of charming (9)
Scrolls
 f - 2 scrolls of teleportation
Potions
 b - a potion of cancellation {unknown}
 e - a potion of enlightenment {unknown}
 q - 2 potions of heal wounds
 r - a potion of brilliance
 D - a potion of curing


   Skills:
 + Level 4.2 Fighting
 + Level 3.2 Short Blades
 + Level 3.2 Long Blades
 + Level 3.2 Axes
 + Level 3.2 Maces & Flails
 + Level 7.3 Polearms
 + Level 3.2 Staves
 + Level 3.2 Ranged Weapons
 + Level 3.2 Throwing
 + Level 7.3 Armour
 + Level 3.2 Dodging
 + Level 3.2 Stealth
 + Level 3.2 Shields
 + Level 3.2 Unarmed Combat
 + Level 4.3 Spellcasting
 + Level 2.6 Conjurations
 + Level 2.6 Hexes
 + Level 2.6 Summonings
 + Level 2.6 Necromancy
 + Level 4.6 Translocations
 + Level 2.6 Fire Magic
 + Level 2.6 Ice Magic
 + Level 2.6 Air Magic
 + Level 2.6 Earth Magic
 + Level 2.6 Alchemy
 + Level 3.5 Invocations
 + Level 3.2 Evocations
 + Level 2.9 Shapeshifting


You had 14 spell levels left.
You knew the following spells:

 Your Spells              Type           Power      Damage    Failure   Level
a - Apportation           Tloc           26%        N/A       2%          1

Your spell library contained the following spells:

 Spells                   Type           Power      Damage    Failure   Level
 Necrotise                Necr           32%        1d5       6%          1
 Shock                    Conj/Air       32%        1d5       6%          1
 Sting                    Conj/Alch      32%        1d5       6%          1
 Summon Small Mammal      Summ           32%        N/A       6%          1
 Gell's Gravitas          Tloc           13%        N/A       8%          3
 Swiftness                Air            8%         N/A       16%         3
 Airstrike                Air            4%         2d(1-17)  45%         4
 Animate Dead             Necr           8%         N/A       45%         4
 Borgnjor's Vile Clutch   Necr/Erth      4%         N/A       80%         5
 Death Channel            Necr           4%         N/A       100%        6


Dungeon Overview and Level Annotations

Branches:
Dungeon (6/15)             Temple (1/1) D:5

Altars:
Ashenzari
Dithmenos
Elyvilon
Gozag
Kikubaaqudgha
Qazlal
Ru
Sif Muna
Trog
Uskayaw
Wu Jian
Yredelemnul
The Shining One

Shops:
D:4 !

Annotations:
D:2 1 runed translucent door, Crazy Yiuf
Temple 2 transporters


Innate Abilities, Weirdness & Mutations

You have very sharp teeth.
Your uncanny sense of smell can sniff out nearby items.
Your experience applies equally to all skills.


Message History

Done exploring.
What level of the Dungeon? (default 5, ? - help)
There is a stone staircase leading down here.
You climb downwards.
Found 19 gold pieces.
There is a stone staircase leading up here.
A two-headed ogre is nearby!
Your +3 sling of chaos is briefly surrounded by a scintillating aura of random colours.
y - a +3 sling of chaos (weapon)
You shoot a sling bullet.
The sling bullet hits the two-headed ogre.
The two-headed ogre shouts in stereo!
The two-headed ogre is lightly wounded.
You shoot a sling bullet.
The sling bullet hits the two-headed ogre.
The two-headed ogre is poisoned.
The two-headed ogre is lightly wounded.
The two-headed ogre hits you with a +0 giant club!
The two-headed ogre barely misses you.
You shoot a sling bullet.
The sling bullet barely misses the two-headed ogre.
The two-headed ogre hits you with a +0 giant club!!
The two-headed ogre hits you with a +0 giant club!
* * * LOW HITPOINT WARNING * * *
You are too injured to fight recklessly!
Fire: y) +3 sling (chaos)
Press: ? - help, Q - select action, (/) - cycle Shift-Dir - straight line, f/p - two-headed ogre
Aim: a two-headed ogre, wielding two +0 giant clubs (lightly wounded, very poisoned, 76% to hit)
You shoot a sling bullet.
The sling bullet hits the two-headed ogre.
The two-headed ogre is moderately wounded.
Fire: y) +3 sling (chaos)
Press: ? - help, Q - select action, (/) - cycle Shift-Dir - straight line, f/p - two-headed ogre
Aim: a two-headed ogre, wielding two +0 giant clubs (moderately wounded, very poisoned, 76% to hit)
You shoot a sling bullet.
The sling bullet hits the two-headed ogre!
The two-headed ogre seems to slow down.
The two-headed ogre is moderately wounded.
The two-headed ogre hits you with a +0 giant club!
You die...

# .#.#..#...
#.# .........
.#......... .
.......$#
..###.#.....#
............###
........O......
#.....@.......
##.#..........
#..........
............
.............
.........###...
.......... #..
....#..... ..


You could see a two-headed ogre (very poisoned, slow).

Vanquished Creatures
  Grinder (D:5)
  An ogre (D:5)
  A centaur (D:5)
  A phantom (D:4)
  A scorpion (D:4)
  2 orc priests (D:5)
  A gnoll bouda (D:5)
  2 jellies
  A sleepcap (D:5)
  Terence (D:2)
  3 iguanas
  An orc wizard (D:5)
  Robin (D:2)
  7 adders
  4 gnolls (D:5)
  5 worms
  2 dart slugs
  10 orcs
  8 ball pythons
  7 endoplasms
  16 goblins
  11 hobgoblins
  4 jackals (D:2)
  5 quokkas
  3 bats
  5 frilled lizards
  8 kobolds
  4 rats
116 creatures vanquished.

Notes
Turn   | Place    | Note
-------+----------+-------------------------------------------
     0 | D:1      | shadizar the Gnoll Wanderer began the quest for the Orb.
     0 | D:1      | shadizar set off with the following items: a +2 spear, a +0
                  | ring mail, a potion of might; and the following spell
                  | memorised: Apportation; and the following spells available
                  | to memorise: Gell's Gravitas.
     0 | D:1      | Reached XP level 1. HP: 17/17 MP: 4/4
   274 | D:1      | Reached XP level 2. HP: 19/23 MP: 5/5
   510 | D:1      | You fall into a shaft and drop 1 floor!
   927 | D:2      | Reached XP level 3. HP: 28/28 MP: 7/7
  1083 | D:2      | Noticed Terence
  1095 | D:2      | Killed Terence
  1096 | D:2      | Reached skill level 1 in Short Blades
  1096 | D:2      | Reached skill level 1 in Long Blades
  1096 | D:2      | Reached skill level 1 in Axes
  1096 | D:2      | Reached skill level 1 in Maces & Flails
  1096 | D:2      | Reached skill level 1 in Staves
  1096 | D:2      | Reached skill level 1 in Ranged Weapons
  1096 | D:2      | Reached skill level 1 in Throwing
  1096 | D:2      | Reached skill level 1 in Dodging
  1096 | D:2      | Reached skill level 1 in Stealth
  1096 | D:2      | Reached skill level 1 in Shields
  1096 | D:2      | Reached skill level 1 in Unarmed Combat
  1096 | D:2      | Reached skill level 1 in Invocations
  1096 | D:2      | Reached skill level 1 in Evocations
  1096 | D:2      | Reached skill level 1 in Shapeshifting
  1096 | D:2      | Reached XP level 4. HP: 13/34 MP: 8/8
  1348 | D:2      | Found a runed translucent door.
  1349 | D:2      | Noticed Crazy Yiuf
  1405 | D:2      | Noticed Robin
  1440 | D:2      | Killed Robin
  1441 | D:2      | Reached skill level 1 in Conjurations
  1441 | D:2      | Reached skill level 1 in Hexes
  1441 | D:2      | Reached skill level 1 in Summonings
  1441 | D:2      | Reached skill level 1 in Necromancy
  1441 | D:2      | Reached skill level 1 in Fire Magic
  1441 | D:2      | Reached skill level 1 in Ice Magic
  1441 | D:2      | Reached skill level 1 in Air Magic
  1441 | D:2      | Reached skill level 1 in Earth Magic
  1441 | D:2      | Reached skill level 1 in Alchemy
  1951 | D:3      | Found a bloodstained altar of Trog.
  2124 | D:1      | Reached XP level 5. HP: 8/40 MP: 9/9
  2534 | D:3      | Found an opulent altar of Gozag.
  2618 | D:3      | Found a broken altar of Ashenzari.
  2626 | D:3      | Identified the +0 scale mail of Zevenlap {rF- Str+3 Dex+2}
  3060 | D:4      | Noticed a phantom
  3085 | D:4      | Killed a phantom
  3145 | D:4      | Reached XP level 6. HP: 47/47 MP: 11/11
  3164 | D:4      | Found Vaukir's Distillery.
  3368 | D:4      | Found a white marble altar of Elyvilon.
  3774 | D:5      | Entered Level 5 of the Dungeon
  3952 | D:5      | Reached XP level 7. HP: 22/52 MP: 12/12
  4415 | D:5      | Found a staircase to the Ecumenical Temple.
  4595 | Temple   | Found a transporter.
  4595 | Temple   | Found a transporter.
  4595 | Temple   | Found a transporter.
  4595 | Temple   | Found a transporter.
  4595 | Temple   | Entered the Ecumenical Temple
  4731 | D:5      | Noticed Grinder
  4764 | D:5      | Killed Grinder
  4765 | D:5      | Reached XP level 8. HP: 39/60 MP: 14/14
  5138 | D:6      | Noticed a two-headed ogre
  5144 | D:6      | Slain by a two-headed ogre

Illustrated notes

Levels and vault maps discovered:
D:1:      dpeg_arrival_rooms_b, layout_loops_ring, roderic_roman_lattice,
          moated_statue
D:2:      layout_loops_cross, serial_glass, glass_columns_a, glass_columns_a,
          glass_columns_a, glass_columns_a, feat_on_display, item_on_display_a,
          due_unseen_surprise, uniq_crazy_yiuf_cottage, uniq_robin, uniq_terence
D:3:      layout_basic, overflow_temple_1_default, cheibrodos_ashenzari_chains,
          nicolae_gozag_seed_capital, grunt_decor_fettered
D:4:      layout_basic, lemuel_crystal_altar, serial_shops,
          nicolae_shop_statue_plus
D:5:      layout_rooms, minmay_temple_entry_drinking_statues, uniq_grinder
D:6:      layout_basic, uniq_menkaure
Temple:   hellmonk_temple_divided_pantheon

Skill      XL: |  1  2  3  4  5  6  7 |
---------------+----------------------+-----
Short Blades   | 1 2 3 |  3.2
Long Blades    | 1 2 3 |  3.2
Axes           | 1 2 3 |  3.2
Maces & Flails | 1 2 3 |  3.2
Staves         | 1 2 3 |  3.2
Ranged Weapons | 1 2 3 |  3.2
Throwing       | 1 2 3 |  3.2
Dodging        | 1 2 3 |  3.2
Stealth        | 1 2 3 |  3.2
Shields        | 1 2 3 |  3.2
Unarmed Combat | 1 2 3 |  3.2
Invocations    | 1 2 3 |  3.5
Evocations     | 1 2 3 |  3.2
Shapeshifting  | 1 2 |  2.9
Spellcasting   | 3 4 |  4.3
Conjurations   | 1 2 |  2.6
Hexes          | 1 2 |  2.6
Summonings     | 1 2 |  2.6
Necromancy     | 1 2 |  2.6
Fire Magic     | 1 2 |  2.6
Ice Magic      | 1 2 |  2.6
Air Magic      | 1 2 |  2.6
Earth Magic    | 1 2 |  2.6
Alchemy        | 1 2 |  2.6
Fighting       | 3 4 |  4.2
Translocations | 4 |  4.6
Polearms       | 7 |  7.3
Armour         | 7 |  7.3

Action                     |  1- 3 |  4- 6 |  7- 9 || total
---------------------------+-------+-------+-------++-------
  Melee: Spear             |    92 |   233 |   214 ||   539
         Bite              |     7 |    24 |    27 ||    58
         Punch             |       |     3 |     7 ||    10
   Fire: Sling             |       |     7 |     5 ||    12
    Use: Potion            |     1 |       |     4 ||     5
         Scroll            |       |       |    16 ||    16
   Stab: Invisible         |       |       |     6 ||     6
         Sleeping          |       |       |     2 ||     2
 Armour: Ring mail         |     9 |       |       ||     9
         Chain mail        |    19 |   161 |    62 ||   242
         Quicksilver drago |       |       |    43 ||    43
  Dodge: Dodged            |    24 |    72 |    61 ||   157

Table legend: (Time is in decaauts)
 A = Elapsed time spent in this place.
 B = Non-inter-level travel time spent in this place.
 C = Inter-level travel time spent in this place.
 D = Time resting spent in this place.
 E = Time spent auto-exploring this place.
 F = Levels seen in this place.
 G = Mean time per level.
                   A        B        C        D        E       F      G
               +--------+--------+--------+--------+--------+-----+--------+
         Total |   5001 |   4762 |    239 |      0 |   3684 |   7 |  714.4 |
       Dungeon |   4999 |   4760 |    239 |      0 |   3684 |   6 |  833.2 |
        Temple |      1 |      1 |      0 |      0 |      0 |   1 |    1.0 |
               +--------+--------+--------+--------+--------+-----+--------+

Top non-repeatable levels by time:
     D:5: 1229 daAuts
     D:1: 1073 daAuts
     D:2: 1072 daAuts
     D:3: 866 daAuts
     D:4: 751 daAuts
     D:6: 6 daAuts
  Temple: 1 daAuts
